 Dungeon Crawl Stone Soup version 0.28.0-43-g3370ac3207 (webtiles) character file.

Game seed: 18292142126359597219

8117 nickcage the Basher (level 11, -6/84 HPs)
             Began as a Minotaur Fighter on Mar 7, 2022.
             Was a Follower of Hepliaklqana.
             Mangled by a wraith (8 damage)
             ... led by Josephine
             ... on level 9 of the Dungeon.
             The game lasted 00:23:37 (8514 turns).

nickcage the Basher (Minotaur Fighter)              Turns: 8514, Time: 00:23:38

Health: -6/84      AC: 26    Str: 26    XL:     11   Next: 5%
Magic:  10/10      EV:  5    Int:  8    God:    Hepliaklqana [*.....]
Gold:   566        SH:  0    Dex:  9    Spells: 10/10 levels left

rFire   . . .      SeeInvis +   f - +10 whip "Zorie" {holy, rN+ Int+3}
rCold   . . .      Faith    .   c - +0 buckler
rNeg    + + .      Spirit   .   j - +0 crystal plate armour
rPois   .          Reflect  .   i - +2 hat
rElec   .          Harm     .   x - +1 cloak {rCorr}
rCorr   +          Rampage  .   (no gloves)
Will    .....                   g - +0 pair of boots
Stlth   ..........              (no amulet)
HPRegen 0.24/turn               A - ring of positive energy
MPRegen 0.12/turn               z - ring of see invisible

@: confused, lethally poisoned (-6 -> -11), ambrosia-drunk, slowed, very slow
A: reduced essence, horns 2, retaliatory headbutt
a: Renounce Religion, Recall Ancestor, Ancestor Identity


You were on level 9 of the Dungeon.
You worshipped Hepliaklqana.
Hepliaklqana was aware of your devotion.
You visited 2 branches of the dungeon, and saw 11 of its levels.
You also visited: Ossuary.

You collected 566 gold pieces.

Inventory:

Hand Weapons
 f - the +10 whip "Zorie" (weapon) {holy, rN+ Int+3}
   (You found it on level 2 of the Dungeon)

   It has been blessed by the Shining One to cause great damage to the undead
   and demons.
   Int:       It affects your intelligence (+3).
   rN:        It protects you from negative energy.
Missiles
 d - 36 poisoned darts (quivered)
 K - 2 throwing nets
Armour
 c - a +0 buckler (worn)
 g - a +0 pair of boots (worn)
 h - a +2 cloak
 i - a +2 hat (worn)
 j - a +0 crystal plate armour (worn)
 u - the +1 chain mail of Egoweocaisch {Drain rF++ Int+5}
   (You found it on level 4 of the Dungeon)

   Int:       It affects your intelligence (+5).
   rF:        It greatly protects you from fire.
   Drain:     It drains your maximum health when unequipped.
 x - a +1 cloak of preservation (worn)
Jewellery
 y - a ring of flight
 z - a ring of see invisible (right hand)
 A - a ring of positive energy (left hand)
Wands
 b - a wand of digging (3)
 r - a wand of flame (16)
 C - a wand of iceblast (6)
Scrolls
 e - 7 scrolls of identify
 k - 6 scrolls of teleportation
 p - 3 scrolls of fog
 B - a scroll of brand weapon
 D - a scroll of blinking
 E - a scroll of fear {unknown}
 F - a scroll of amnesia {unknown}
 G - a scroll of summoning
 I - a scroll of holy word {unknown}
Potions
 a - a potion of berserk rage
 l - a potion of heal wounds
 m - 3 potions of flight
 n - 3 potions of magic
 o - a potion of might
 q - a potion of brilliance
 s - a potion of curing
 t - 2 potions of cancellation
 w - a potion of attraction
 H - a potion of mutation {unknown}
Miscellaneous
 J - a box of beasts


   Skills:
 + Level 8.1 Fighting
 - Level 7.5 Long Blades
 - Level 14.0 Maces & Flails
 + Level 10.5 Armour
 * Level 5.6 Shields


You had 10 spell levels left.
You didn't know any spells.
Your spell library contained the following spells:

 Spells                   Type           Power      Damage    Failure   Level
 Animate Skeleton         Necr           0%         N/A       100%        1
 Magic Dart               Conj           0%         1d3       100%        1
 Pain                     Necr           0%         1d4       100%        1
 Corpse Rot               Necr/Air       0%         N/A       100%        2
 Searing Ray              Conj           0%         2d4       100%        2
 Sublimation of Blood     Necr           0%         N/A       100%        2
 Vampiric Draining        Necr           0%         2d6       100%        3
 Animate Dead             Necr           0%         N/A       100%        4
 Dispel Undead            Necr           0%         3d6       100%        4
 Fulminant Prism          Conj/Hex       0%         3d6       100%        4
 Petrify                  Tmut/Erth      0%         N/A       100%        4
 Irradiate                Conj/Tmut      0%         3d13      100%        5
 Death Channel            Necr           0%         N/A       100%        6
 Haunt                    Necr/Summ      0%         N/A       100%        7
 Infestation              Necr           0%         N/A       100%        8


Dungeon Overview and Level Annotations

Branches:
Dungeon (10/15)            Temple (1/1) D:7            Lair (0/6) D:8
Ossuary (visited)
    Orc: D:9-12

Altars:
Dithmenos
Elyvilon
Fedhas
Hepliaklqana
Kikubaaqudgha
Makhleb
Nemelex Xobeh
Okawaru
Qazlal
Ru
Sif Muna
Trog
Vehumet
Wu Jian
Xom
Yredelemnul
Zin
The Shining One

Shops:
D:9 [


Innate Abilities, Weirdness & Mutations

Your life essence is reduced to manifest your ancestor. (-10% HP)
You have a pair of horns on your head.
You reflexively headbutt those who attack you in melee.


Message History

You feel as though you will be slow longer.
The wraith hits you but does no damage. x2
You feel very sick. The hornet stings you.
* * * LOW HITPOINT WARNING * * *
You feel as though you will be slow longer.
Sucker completely misses the wraith.
The wraith hits you but does no damage. The wraith barely misses you.
The wraith hits you but does no damage.
The hornet stings you but does no damage.
You can move again.
You feel much better.
You feel very sick.
The hornet stings you but does no damage.
Sucker hits the wraith.
The wraith hits you. x2
The wraith drains your vigour!
You feel as though you will be slow longer.
The wraith hits you!
* * * LOW HITPOINT WARNING * * *
The wraith drains your vigour!
You feel as though you will be slow longer.
The hornet closely misses you.
Sucker barely misses the wraith.
The wraith hits you but does no damage. x2
You are confused.
You feel invigorated.
You feel very sick.
The hornet stings you but does no damage.
The wraith hits you!
* * * LOW HITPOINT WARNING * * *
Sucker misses the wraith.
The wraith hits you but does no damage. x2
The hornet stings you.
* * * LOW HITPOINT WARNING * * *
You feel as though you will be slow longer.
The wraith hits you but does no damage.
You bump into the rock wall.
You feel very sick. The hornet stings you!
* * * LOW HITPOINT WARNING * * *
You feel as though you will be slow longer.
Sucker hits the wraith.
The wraith hits you!
You die...

..........# #.#...............#
#.........# #.#...............#
#.#####...# #.#...............#
#.#...'...# #.#...............#
#.#...#...# #.#...............#
#.#...#...# #.#...............#
#.#####...#####.####............#
#..............WWR.######'#######
...............W@y...............
...####'#.....#####..............
...#....#.....# #..............
...#....#.....# #..............
...#....#.....# #..............
####....#.....# #..............
#.......#.....# #..............
#......)####..#####..............
#..........#.....................


You could see the friendly Sucker the ancestor, a hornet and 3 wraiths.

Vanquished Creatures
  Maggie (D:7)
  A troll (D:7)
  Eustachio (D:6)
  16 yaks
  Sigmund (D:2)
  5 humans (D:8)
  A wyvern (D:10)
  Edmund (D:6)
  2 water moccasins
  2 orc warriors (D:9)
  4 sky beasts
  A hornet zombie (D:6)
  A necrophage (D:4)
  2 ogres
  A wolf (D:8)
  4 centaurs
  A phantom (D:5)
  3 kobold brigands
  A gnoll sergeant (D:6)
  A wyvern zombie (D:8)
  4 bullfrogs
  5 scorpions
  3 water moccasin zombies (Ossuary)
  An electric eel (D:8)
  2 bullfrog zombies
  6 hounds
  Crazy Yiuf (D:5)
  6 orc priests
  A jelly (D:7)
  A centaur skeleton (D:4)
  Terence (D:2)
  3 iguanas
  8 orc wizards
  A hound zombie (D:5)
  A howler monkey zombie (D:10)
  2 mummies (Ossuary)
  Robin (D:2)
  11 gnolls
  A howler monkey skeleton (D:4)
  10 adders
  2 shadow imps
  3 ufetubi
  5 adder zombies (Ossuary)
  An adder skeleton (D:5)
  2 worms
  3 dart slugs
  25 orcs
  8 ball pythons
  4 bats
  5 endoplasms
  4 giant cockroaches
  14 goblins
  8 hobgoblins
  4 jackals
  27 kobolds
  4 quokkas
  3 frilled lizards
  2 gnoll zombies (Ossuary)
  4 hobgoblin zombies (Ossuary)
  3 kobold zombies (Ossuary)
  6 orc zombies (Ossuary)
  6 rats
262 creatures vanquished.

Vanquished Creatures (collateral kills)
  An orc warrior (D:9)
  A kobold (D:9)
2 creatures vanquished.

Grand Total: 264 creatures vanquished

Notes
Turn   | Place    | Note
-------+----------+-------------------------------------------
     0 | D:1      | nickcage the Minotaur Fighter began the quest for the Orb.
     0 | D:1      | Reached XP level 1. HP: 19/19 MP: 0/0
   207 | D:1      | Reached XP level 2. HP: 26/26 MP: 1/1
   475 | D:1      | Reached XP level 3. HP: 27/31 MP: 2/2
  1082 | D:2      | Noticed Terence
  1092 | D:2      | Killed Terence
  1093 | D:2      | Reached skill level 5 in Long Blades
  1213 | D:2      | Reached XP level 4. HP: 39/39 MP: 3/3
  1233 | D:2      | Noticed Robin
  1245 | D:2      | Killed Robin
  1327 | D:2      | Noticed Sigmund
  1339 | D:2      | Killed Sigmund
  1340 | D:2      | Reached XP level 5. HP: 24/45 MP: 4/4
  1622 | D:2      | Identified the +10 whip "Zorie" {holy, rN+ Int+3}
  1678 | D:3      | Found a faded altar of an unknown god.
  1940 | D:3      | Reached skill level 1 in Maces & Flails
  1940 | D:3      | Reached XP level 6. HP: 52/52 MP: 5/5
  2171 | D:4      | Found a sand-covered staircase.
  2181 | Ossuary  | Entered an ossuary
  2222 | Ossuary  | Reached skill level 2 in Maces & Flails
  2254 | Ossuary  | Reached skill level 3 in Maces & Flails
  2293 | Ossuary  | Reached skill level 4 in Maces & Flails
  2334 | Ossuary  | Reached XP level 7. HP: 51/59 MP: 6/6
  2384 | D:4      | Reached skill level 5 in Maces & Flails
  2667 | D:4      | Reached skill level 6 in Maces & Flails
  2828 | D:4      | Identified the +1 chain mail of Egoweocaisch {Drain rF++
                  | Int+5}
  3044 | D:4      | Reached skill level 7 in Maces & Flails
  3309 | D:5      | Entered Level 5 of the Dungeon
  3444 | D:5      | Reached XP level 8. HP: 67/67 MP: 7/7
  3461 | D:5      | Reached skill level 8 in Maces & Flails
  3542 | D:5      | Reached skill level 5 in Fighting
  3542 | D:5      | Reached skill level 9 in Maces & Flails
  4350 | D:5      | Found a runed translucent door.
  4351 | D:5      | Noticed Crazy Yiuf
  4358 | D:5      | Killed Crazy Yiuf
  4513 | D:6      | Noticed Eustachio
  4522 | D:6      | Killed Eustachio
  4523 | D:6      | Reached skill level 10 in Maces & Flails
  4683 | D:6      | Noticed Edmund
  4693 | D:6      | Killed Edmund
  4730 | D:6      | Reached skill level 11 in Maces & Flails
  4819 | D:6      | Reached XP level 9. HP: 72/74 MP: 8/8
  4844 | D:6      | Reached skill level 5 in Armour
  5470 | D:7      | Found a staircase to the Ecumenical Temple.
  5493 | Temple   | Entered the Ecumenical Temple
  5509 | Temple   | Became a worshipper of Hepliaklqana the Forgotten
  5810 | D:7      | Reached skill level 12 in Maces & Flails
  5810 | D:7      | Noticed Maggie
  5825 | D:7      | Killed Maggie
  6199 | D:8      | Noticed a troll
  6272 | D:7      | Killed a troll
  6273 | D:7      | Reached skill level 13 in Maces & Flails
  6387 | D:8      | Found a staircase to the Lair.
  6908 | D:8      | Reached XP level 10. HP: 81/81 MP: 9/9
  7064 | D:8      | Reached * piety under Hepliaklqana
  7674 | D:9      | Found Bonkita's Armour Shop.
  7764 | D:9      | Reached skill level 14 in Maces & Flails
  7820 | D:9      | Found a shimmering altar of Xom.
  8151 | D:9      | Reached skill level 10 in Armour
  8151 | D:9      | Reached skill level 5 in Shields
  8421 | D:10     | Entered Level 10 of the Dungeon
  8486 | D:9      | Reached XP level 11. HP: 84/84 MP: 10/10
  8509 | D:9      | Paralysed by a hornet for 2 turns
  8514 | D:9      | HP: 2/84 [hornet (9)]
  8514 | D:9      | Mangled by a wraith

Illustrated notes

Levels and vault maps discovered:
D:1:      lightli_arrival_isolated_outpost, layout_basic, kennysheep_doodads
D:2:      layout_rooms, uniq_terence, uniq_robin, uniq_sigmund
D:3:      layout_basic, hellmonk_ecumenical_altar_blasted
D:4:      layout_loops_ring, gup_sewer_entry_spiral, nicolae_ossuary_entry_ruins
D:5:      layout_basic, minmay_misc_feat_secret_circle, uniq_crazy_yiuf_cottage
D:6:      layout_loops_cross, uniq_eustachio, uniq_edmund
D:7:      layout_basic, temple_green, grunt_decor_arrowhead, uniq_maggie
D:8:      layout_basic, erik_lair_island, minmay_ruffians
D:9:      layout_irregular_city, mainiacjoe_overflow_concentric_impassable,
          serial_shops, shop
D:10:     layout_cave_pools, ebering_ghost_rock_garden,
          hangedman_abyss_or_decor_slice, kennysheep_decorative_pillar,
          kennysheep_generic_room_15, uniq_josephine
Temple:   dpeg_three_leaves_temple

Skill      XL: |  1  2  3  4  5  6  7  8  9 10 11 |
---------------+----------------------------------+-----
Long Blades    | 3 4 5 7 |  7.5
Maces & Flails | 1 4 7 11 13 14 | 14.0
Fighting       | 4 5 7 8 |  8.1
Armour         | 4 7 10 | 10.5
Shields        | 5 |  5.6

Action                   |  1- 3 |  4- 6 |  7- 9 | 10-12 || total
-------------------------+-------+-------+-------+-------++-------
Melee: Long sword        |    67 |    31 |       |       ||    98
       Headbutt          |     6 |    14 |    45 |    38 ||   103
       Whip              |       |    77 |   341 |   191 ||   609
Throw: Dart              |       |       |       |     4 ||     4
Invok: Ancestor Identity |       |       |       |     2 ||     2
  Use: Potion            |       |     1 |       |     2 ||     3
       Scroll            |       |     3 |    13 |       ||    16
Armor: Scale mail        |    23 |    36 |       |       ||    59
       Crystal plate arm |       |    30 |   190 |    99 ||   319
Dodge: Dodged            |    20 |    35 |    49 |    30 ||   134
Block: Buckler           |     7 |    21 |    46 |    24 ||    98
